 Dungeon Crawl Stone Soup version 0.15.2 (console) character file.

130549 Lightli the Markscentaur (level 16, -12/134 HPs)
             Began as a Centaur Death Knight on June 30, 2022.
             Was the Champion of Yredelemnul.
             Shot with an arrow by a deep elf master archer (15 damage)
             ... on Level 3 of the Elven Halls.
             The game lasted 01:53:52 (50983 turns).

Lightli the Markscentaur (Centaur Death Knight)    Turns: 50983, Time: 01:53:52

HP -12/134       AC 24     Str 20      XL: 16   Next: 53%
MP  20/29        EV  9     Int 10      God: Yredelemnul [******]
Gold 2079        SH  0     Dex 15      Spells:  0 memorised, 15 levels left

rFire  + . .     SeeInvis .     a - +5 longbow (freeze)
rCold  + . .     Clarity  .     i - +2 plate armour {rF+}
rNeg   . . .     rCorr    .     (no shield)
rPois  +         rRot     .     N - +1 hat
rElec  .         Spirit   .     e - +3 cloak of Flash {+Fly EV+4}
SustAb .         Warding  .     Y - +0 pair of gloves {Dex+3}
rMut   .         Stasis   .     (no barding)
Gourm  .                        f - amulet of faith
MR     ++...                    E - ring of protection from magic
                                h - ring of protection from cold

@: very slightly contaminated, very quick, very resistant to hostile
enchantments, extremely unstealthy
A: antennae 1, hooves 3, deformed body, speed 2, sense surroundings 1, poison
resistance, shaggy fur 1, tough skin 3
a: Animate Dead, Recall Undead Slaves, Injury Mirror, Drain Life, Enslave Soul,
Renounce Religion, Evoke Flight


You were on level 3 of the Elven Halls.
You worshipped Yredelemnul.
Yredelemnul was exalted by your worship.
You were not hungry.

You visited 4 branches of the dungeon, and saw 30 of its levels.
You visited 1 bazaar.
You also visited: Labyrinth, Ossuary and Ice Cave.

You collected 3213 gold pieces.
You spent 1134 gold pieces at shops.

Inventory:

Hand weapons
 a - a +5 longbow of freezing (weapon)
 b - the +1 spear of Night {venom, rF+ Str+2 Dex+2}
   (You found it on level 10 of the Dungeon)

   It poisons the flesh of those it strikes.
   It affects your strength (+2).
   It affects your dexterity (+2).
   It protects you from fire.
Missiles
 I - 381 arrows (quivered)
Armour
 e - the +3 cloak of Flash (worn) {+Fly EV+4}
   (You found it in a labyrinth)

   It affects your evasion (+4).
   It lets you fly.
 i - a +2 plate armour of fire resistance (worn)
 N - a +1 hat (worn)
 Y - a +0 pair of gloves of dexterity (worn)
Magical devices
 s - a wand of lightning (2)
 t - a wand of flame (17)
 C - a wand of paralysis (6)
 D - a wand of disintegration (7)
 M - a wand of teleportation (3)
 R - a wand of lightning (3)
 U - a wand of polymorph (19)
 W - a wand of fire (5)
Comestibles
 c - 11 bread rations
 l - 4 meat rations
Scrolls
 d - a scroll of magic mapping
 m - 2 scrolls of fear
 n - 2 scrolls of teleportation
 q - 3 scrolls of fog
 u - 14 scrolls of remove curse
 y - 4 scrolls of amnesia
 z - 5 scrolls of recharging
 J - 5 scrolls of enchant armour
 P - 2 scrolls of blinking
 Q - a scroll of identify
Jewellery
 f - an amulet of faith (around neck)
 h - a ring of protection from cold (left hand)
 o - an uncursed ring of teleportation
 r - an uncursed ring of ice
 v - an uncursed amulet of clarity
 E - a ring of protection from magic (right hand)
 G - an uncursed ring of regeneration
 K - an uncursed amulet of rage
 L - a +2 ring of evasion
 O - an uncursed ring of invisibility
 V - an uncursed ring of wizardry
 X - an uncursed amulet of resist mutation
Potions
 g - 4 potions of agility
 k - 2 potions of resistance
 p - a potion of restore abilities
 w - a potion of porridge
 A - 3 potions of heal wounds
 B - 3 potions of might
 H - 4 potions of magic
 S - 5 potions of curing
 Z - a potion of mutation
Miscellaneous
 j - a box of beasts
 x - a phial of floods
Rods
 T - a +2 rod of clouds (12/12)
   (You took it off a minotaur in a labyrinth)


   Skills:
 - Level 10.2 Fighting
 - Level 3.0 Polearms
 - Level 20.0 Bows
   Level 9.4 Crossbows
 + Level 14.4 Armour
 - Level 0.6 Dodging
 - Level 11.7 Invocations


You had 15 spell levels left.
You didn't know any spells.

Dungeon Overview and Level Annotations

Branches:
Dungeon (15/15) Temple (0/1) D:5 D:7 Orc (4/4) D:12 Elf (3/3) Orc:4 Lair (8/8) D:8 Swamp (0/5) Lair:3 Snake (0/5) Lair:4 Slime (0/6) Lair:7 Vaults (0/5) D:13 Depths (0/5) D:15

Altars:
Dithmenos
Makhleb
Sif Muna
Vehumet
Xom
Yredelemnul
Zin
The Shining One
Beogh

Shops:
D:4 (   D:9 ?   D:12 !   D:13 =   Orc:2 *}?(   Orc:4 %}=[%   Elf:2 %

Annotations:
D:14 exclusion: Roxanne, Roxanne
Lair:4 Nergalle
Lair:6 exclusion: oklob plant


Innate Abilities, Weirdness & Mutations

You have hooves in place of feet.
Armour fits poorly on your strangely shaped body.
You cover ground very quickly.
You have extremely tough skin (AC +3).
You have a pair of small antennae on your head.
You passively map a small area around you.
Your system is resistant to poisons.
You are covered in fur (AC +1).


Message History

You kill the deep elf sorcerer!
Yredelemnul accepts your kill.
You draw life from the deep elf annihilator.
The deep elf annihilator is almost dead.
You draw life from the deep elf sorcerer.
The deep elf sorcerer is heavily wounded.
You draw life from the deep elf mage.
The deep elf mage is heavily wounded.
You feel life flooding into your body.
You feel somewhat more hungry.
The deep elf master archer shoots an arrow.
The arrow barely misses you.
The arrow hits the deep elf annihilator!!
The deep elf annihilator dies!
The deep elf annihilator casts a spell at you.
The crystal spear hits you!
* * * LOW HITPOINT WARNING * * *
The deep elf master archer shoots an arrow.
The arrow hits you!
You die...
Your body rises from the dead as a mindless zombie.

*,,,,,,,,,,*##.,,,,,,,,***,,,,
*,,,,,,,,......ยง..,,,,,,,,,,,,
*,,,,,,,...........,,,,,,,,,,,
**,,,,,.........).)e,,,,,,,,,,
**,,,...........x#..,,,,,,,,,
*,,,.........e.###.,,,,,,,,,
**,,,.........).)#..,,,,,,,,,
**,,,......(())x..3e..,,,,,,,,
*,,,,.......)@)e)e.3..,,,,,,,,
*,,,,.........)e....4.,,,,,,,,
*,,,,,.....###.......,,***,,,,
**,,,,...#** *##.e...*** ***,,
***,,.#** *##e##* *** ***** *,#
* *e* #.# #.#


You could see 3 deep elf master archers, a deep elf annihilator, 2 deep elf
sorcerers, a deep elf high priest, a hellwing, a smoke demon, a chaos spawn and
a deep elf mage.

Vanquished Creatures
  4 deep elf blademasters (Elf:3)
  Frances (Elf:2)
  An orc warlord (Orc:3)
  2 deep elf sorcerers (Elf:3)
  Gastronok (Lair:3)
  2 deep elf demonologists (Elf:2)
  2 deep elf death magi (Elf:3)
  A minotaur (Lab)
  2 centaur warriors
  6 hydras
  A ghost crab (shapeshifter) (D:13)
  7 death yaks
  An ogre mage (D:15)
  A deep troll shaman (Lair:8)
  A tengu warrior (D:15)
  3 orc high priests (Orc:4)
  Pikel (D:4)
  A fire crab (Lair:6)
  8 deep elf knights
  An unseen horror (D:10)
  4 deep elf summoners
  2 wizards (D:15)
  5 hill giants
  A harpy (D:15)
  3 cyclopes
  3 orc sorcerers
  A griffon (D:13)
  3 manticores
  6 deep elf conjurers
  6 orc knights
  3 elephants
  16 ugly things
  Joseph (D:11)
  3 komodo dragons
  6 spiny frogs
  5 gargoyles
  4 trolls
  11 deep elf priests
  23 deep elf magi
  A freezing wraith (D:15)
  A troll (shapeshifter) (D:14)
  6 polar bears
  A hydra zombie (D:11)
  4 wandering mushrooms
  3 ravens (D:14)
  5 two-headed ogres
  2 slime creatures (D:15)
  2 blink frogs (Lair:7)
  A trapdoor spider (shapeshifter) (D:13)
  3 trapdoor spiders (Lab)
  A griffon skeleton (D:15)
  A redback (Elf:1)
  3 basilisks
  2 hogs (D:15)
  2 shadows
  A wraith (D:13)
  17 deep elf fighters
  A hill giant zombie (D:10)
  3 steam dragons
  Eustachio (D:4)
  19 yaks
  2 hungry ghosts
  Grum (Orc:2)
  3 vampire mosquitoes (D:14)
  2 wyverns
  8 hippogriffs
  25 wolves
  4 mottled dragons
  11 water moccasins
  23 orc warriors
  A human skeleton (D:15)
  6 porcupines
  An ogre skeleton (D:14)
  A soldier ant (D:13)
  6 ice beasts
  20 centaurs
  2 yellow wasps
  8 sky beasts
  A manticore zombie (D:12)
  A phantom (D:5)
  A spider (D:8)
  A lost soul (Elf:3)
  A manticore skeleton (D:11)
  2 necrophages (D:8)
  8 crocodiles
  11 ogres
  A brain worm (Lair:8)
  2 big kobolds
  12 giant frogs
  Blork the orc (D:6)
  A cyclops skeleton (D:15)
  12 scorpions
  7 wights
  A hippogriff skeleton (D:10)
  4 electric eels
  An eye of draining (D:11)
  15 killer bees
  12 crimson imps
  3 goliath beetles (D:8)
  4 human zombies (Ossuary)
  4 giant frog zombies
  2 centaur zombies (Ossuary)
  11 jellies
  Crazy Yiuf (D:4)
  26 orc priests
  A black bear zombie (D:8)
  16 hounds
  2 centaur skeletons
  6 iguanas
  25 orc wizards
  A cyclops simulacrum (D:14)
  An iron imp (D:8)
  2 orange rats (Elf:1)
  A troll simulacrum (D:8)
  12 worker ants
  2 big kobold zombies (Ossuary)
  Jessica (D:15)
  19 sheep
  A hound skeleton (D:11)
  4 mummies
  22 adders
  9 gnolls
  A gnoll skeleton (D:6)
  2 giant mites
  20 green rats
  5 shadow imps
  5 white imps (D:8)
  2 ufetubi
  An adder skeleton (D:4)
  4 orc skeletons
  12 giant geckos
  3 oozes
  152 orcs
  2 ball pythons (D:1)
  A bat zombie (D:7)
  2 giant cockroaches
  15 hobgoblins
  12 jackals
  25 kobolds
  12 quokkas
  24 bats
  A giant gecko zombie (D:5)
  7 giant newts
  A giant spore (D:15)
  15 goblins
  2 goblin zombies (Ossuary)
  A kobold zombie (Ossuary)
  4 orc zombies
  16 rats
  2 ballistomycetes
  2 fungi (Lair:8)
979 creatures vanquished.

Vanquished Creatures (collateral kills)
  Kirke (D:15)
  An emperor scorpion (D:15)
  Fannar (D:10)
  3 hydras
  A ravenous feature mimic (Lair:8)
  Erica (Lair:2)
  5 death yaks
  Urug (D:11)
  A catoblepas (Lair:8)
  A deep elf knight (Elf:1)
  An iron troll (D:13)
  An unseen horror (D:10)
  2 deep elf summoners (Elf:1)
  The ghost of MordorOrchid the Digger, an experienced OpEE of Dithmenos (D:8)
  A lindwurm (Lair:5)
  A hill giant (D:11)
  3 deep elf conjurers (Elf:1)
  3 orc sorcerers
  An oklob plant (Lair:6)
  3 ugly things
  A glowing shapeshifter (Elf:1)
  A necromancer (D:13)
  A smoke demon (Orc:4)
  5 black mambas
  A gargoyle (D:15)
  2 elephants (Lair:8)
  8 spiny frogs
  6 komodo dragons
  3 wandering mushrooms
  2 trolls (Orc:4)
  A fire drake (Lair:1)
  2 tengu conjurers
  2 hydra zombies
  A blink frog (shapeshifter) (D:14)
  A polar bear (Lair:2)
  A deep elf priest (Elf:1)
  11 blink frogs
  2 giant leeches (Lair:3)
  3 ravens (D:15)
  A shadow (D:14)
  A tarantella (shapeshifter) (D:15)
  4 yaks
  A basilisk (Lair:8)
  A hog (D:15)
  A wyvern (Lair:7)
  2 spriggans
  A hungry ghost (D:13)
  3 deep elf magi (Elf:1)
  A hill giant zombie (D:14)
  3 wolves
  5 hippogriffs
  A human zombie (D:9)
  6 water moccasins
  2 wargs (Orc:3)
  4 porcupines
  A spiny frog zombie (Lair:2)
  An ice beast (D:10)
  A black bear (Lair:2)
  An ogre (D:9)
  7 orc warriors
  2 yellow wasps
  2 boring beetles
  2 centaurs
  10 crocodiles
  A giant frog (Lair:3)
  9 jellies
  An electric eel (Lair:3)
  An eye of draining (D:10)
  A yak skeleton (D:9)
  A vampire bat (Lair:7)
  A wight (D:9)
  A crimson imp (D:15)
  3 orc priests
  An elf zombie (Elf:1)
  4 hounds
  A soldier ant zombie (D:10)
  7 orc wizards
  3 spectral orcs (Lair:4)
  4 iguanas
  A mottled dragon zombie (D:15)
  14 sheep
  A hound skeleton (D:8)
  8 adders
  27 green rats
  A shadow imp (D:15)
  An ooze (Lair:7)
  29 orcs
  2 goblins
  2 hobgoblins (Orc:2)
  3 kobolds
  3 quokkas
  2 bats (Lair:7)
  A quokka skeleton (Lair:1)
  A rat (D:9)
  3 ballistomycetes (D:13)
  A bush (Lair:8)
  2 fungi
  3 plants (Lair:8)
295 creatures vanquished.

Vanquished Creatures (others)
  A deep elf annihilator (Elf:3)
  2 deep elf death magi (Elf:3)
  A deep elf high priest (Elf:3)
  A death cob (D:15)
  A skeletal warrior (Elf:3)
  2 flayed ghosts
  2 death yak zombies (Lair:8)
  A minotaur skeleton (Lair:8)
  2 flying skulls (Lair:3)
  2 vampires
  A hill giant zombie (D:14)
  A deep elf fighter (Elf:1)
  2 wraiths
  A human zombie (D:15)
  6 spiny frog zombies
  2 slaves (D:4)
  2 elephant zombies (Lair:8)
  5 blink frog zombies
  An elephant skeleton (Lair:8)
  2 vampire mosquito zombies (D:14)
  A komodo dragon zombie (Lair:8)
  An elf skeleton (Lair:8)
  A scorpion (Ossuary)
  4 water moccasin zombies
  A wyvern zombie (Lair:7)
  4 hippogriff zombies
  A tengu zombie (D:14)
  4 yak zombies
  2 polar bear zombies
  A yak skeleton (D:11)
  12 wolf zombies
  2 centaur zombies (D:11)
  2 giant frog zombies
  2 basilisk zombies
  2 human skeletons (Lair:8)
  4 elf zombies (Elf:1)
  3 porcupine zombies
  A porcupine skeleton (Lair:7)
  A killer bee zombie (D:10)
  A mottled dragon zombie (D:15)
  2 ogre zombies
  4 crocodile zombies
  3 dwarf skeletons (Lair:8)
  3 hound zombies
  2 mummies
  A worker ant zombie (D:10)
  An electric eel zombie (D:8)
  6 sheep zombies
  An adder skeleton (D:10)
  2 iguana zombies
  5 adder zombies
  An orc (Orc:3)
  A bat zombie (Lair:7)
  4 green rat skeletons
  14 green rat zombies
  A giant gecko zombie (D:10)
  3 giant spores
  A gnoll zombie (D:10)
  A goblin zombie (Orc:2)
  A hobgoblin skeleton (D:8)
  2 hobgoblin zombies
  2 kobolds (D:10)
  4 orc skeletons
  36 orc zombies
  A quokka zombie (Lair:6)
  A crawling corpse (Elf:3)
  18 fungi
  2 plants (Lair:8)
211 creatures vanquished.

Grand Total: 1485 creatures vanquished

Notes
Turn   | Place    | Note
--------------------------------------------------------------
     0 | D:1      | Lightli, the Centaur Death Knight, began the quest for the Orb.
     0 | D:1      | Reached XP level 1. HP: 17/17 MP: 2/2
   205 | D:1      | Reached XP level 2. HP: 21/24 MP: 3/3
   773 | D:1      | Acquired Yredelemnul's second power
   884 | D:2      | Found a glowing silver altar of Zin.
   912 | D:2      | Reached XP level 3. HP: 10/30 MP: 5/5
  1402 | D:2      | Reached XP level 4. HP: 38/38 MP: 5/5
  1591 | D:3      | Found a shadowy altar of Dithmenos.
  1981 | D:3      | Found a glowing golden altar of the Shining One.
  2224 | D:3      | Reached skill level 4 in Fighting
  2323 | D:4      | Noticed Eustachio
  2462 | D:4      | Killed Eustachio
  2462 | D:4      | Reached skill level 5 in Fighting
  2462 | D:4      | Reached XP level 5. HP: 30/50 MP: 7/7
  2566 | D:4      | Noticed Pikel
  2566 | D:4      | Noticed a slave
  2566 | D:4      | Noticed a slave
  2566 | D:4      | Noticed a slave
  2566 | D:4      | Noticed a slave
  2590 | D:4      | Reached XP level 6. HP: 50/57 MP: 8/8
  2611 | D:4      | Killed a freed slave
  2627 | D:4      | Killed a freed slave
  2677 | D:4      | Killed Pikel
  2677 | D:4      | Reached skill level 7 in Fighting
  2677 | D:4      | Reached XP level 7. HP: 62/66 MP: 9/9
  2772 | D:4      | Acquired Yredelemnul's third power
  2818 | D:4      | Found a radiant altar of Vehumet.
  2960 | D:4      | Noticed Crazy Yiuf
  3044 | D:4      | Killed Crazy Yiuf
  3135 | D:4      | Noticed an ice beast
  3140 | D:4      | Found Zumuig Nena's Weapon Shop.
  3187 | D:5      | Entered Level 5 of the Dungeon
  3272 | D:5      | Killed an ice beast
  3307 | D:5      | Found a sand-covered staircase.
  3362 | Ossuary  | Entered an ossuary
  3386 | Ossuary  | Reached skill level 5 in Invocations
  3707 | Ossuary  | Reached XP level 8. HP: 44/73 MP: 15/15
  4492 | Ossuary  | Reached skill level 8 in Invocations
  4895 | Ossuary  | Gained mutation: You tend to lose your temper in combat. [potion of mutation]
  4895 | Ossuary  | Gained mutation: Your system is resistant to poisons. [potion of mutation]
  4895 | Ossuary  | Gained mutation: Your natural rate of healing is unusually fast. [potion of mutation]
  5216 | D:5      | Reached skill level 9 in Invocations
  5709 | D:4      | Bought a +2 hand crossbow of freezing for 237 gold pieces
  6250 | D:4      | Reached skill level 1 in Crossbows
  6384 | D:4      | Received a gift from Yredelemnul
  6532 | D:5      | Found a staircase to the Ecumenical Temple.
  6639 | D:5      | Reached XP level 9. HP: 44/81 MP: 20/20
  6647 | D:5      | Gained mutation: You are frail (-10% HP). [mutagenic meat]
  6648 | D:5      | Gained mutation: You have a pair of small antennae on your head. [mutagenic meat]
  6649 | D:5      | Gained mutation: You are covered in fur (AC +1). [potion of mutation]
  6649 | D:5      | Lost mutation: You are frail (-10% HP). [potion of mutation]
  6649 | D:5      | Lost mutation: Your natural rate of healing is unusually fast. [potion of mutation]
  7200 | D:6      | Noticed Blork the orc
  7205 | D:5      | Acquired Yredelemnul's fourth power
  7408 | D:6      | Killed Blork the orc
  7408 | D:6      | Reached skill level 5 in Crossbows
  7705 | D:6      | Noticed a gargoyle
  7708 | D:6      | Killed a gargoyle
  7723 | D:6      | Received a gift from Yredelemnul
  8225 | D:7      | Found a staircase to the Ecumenical Temple.
  8280 | D:7      | Received a gift from Yredelemnul
  8496 | D:8      | Reached skill level 1 in Bows
  8496 | D:8      | Reached XP level 10. HP: 69/88 MP: 21/21
  8531 | D:8      | Acquired Yredelemnul's fifth power
  8643 | D:8      | Reached skill level 5 in Bows
  9026 | D:8      | Found a staircase to the Lair.
  9026 | D:8      | Noticed an elephant
  9057 | D:8      | Noticed MordorOrchid's ghost (experienced OpEE)
  9057 | D:8      | Killed an elephant
  9058 | D:8      | Received a gift from Yredelemnul
  9076 | D:8      | Killed MordorOrchid's ghost
  9770 | D:7      | Reached skill level 10 in Bows
  9970 | D:6      | Received a gift from Yredelemnul
 10785 | D:8      | Found a burning altar of Makhleb.
 10864 | D:8      | Found a basalt altar of Yredelemnul.
 10871 | D:8      | Reached skill level 11 in Bows
 10872 | D:8      | Noticed an iron devil
 10873 | D:8      | Noticed an iron devil
 10931 | Lair:1   | Entered Level 1 of the Lair of Beasts
 11449 | Lair:1   | Found a shimmering altar of Xom.
 11832 | Lair:1   | Reached XP level 11. HP: 34/94 MP: 22/22
 11949 | Lair:1   | Noticed a six-headed hydra
 11962 | Lair:1   | Killed a six-headed hydra
 11962 | Lair:1   | Reached skill level 12 in Bows
 12043 | Lair:1   | Received a gift from Yredelemnul
 12572 | Lair:1   | Received a gift from Yredelemnul
 12689 | Lair:1   | Reached skill level 13 in Bows
 13267 | Lair:2   | Noticed a four-headed hydra
 13295 | Lair:2   | Killed a four-headed hydra
 13583 | Lair:2   | Noticed Erica
 13808 | Lair:2   | Reached skill level 14 in Bows
 13864 | Lair:2   | Received a gift from Yredelemnul
 13982 | Lair:2   | Killed Erica
 14281 | Lair:2   | Noticed a death yak
 14326 | Lair:2   | Noticed a death yak
 14334 | Lair:2   | Noticed a death yak
 15118 | Lair:2   | Reached skill level 15 in Bows
 15722 | Lair:3   | Noticed Gastronok
 16042 | Lair:3   | Killed Gastronok
 16078 | Lair:3   | Reached skill level 16 in Bows
 16777 | Lair:3   | Found a staircase to the Swamp.
 17208 | Lair:3   | Reached XP level 12. HP: 99/102 MP: 23/23
 17520 | Lair:4   | Found a staircase to the Snake Pit.
 17569 | Lair:4   | Received a gift from Yredelemnul
 18336 | Lair:4   | Reached skill level 17 in Bows
 18406 | Lair:4   | Received a gift from Yredelemnul
 18912 | Lair:4   | Noticed Nergalle
 19401 | Lair:5   | Noticed Harold
 20076 | D:8      | Received a gift from Yredelemnul
 20360 | Lair:5   | Killed Harold
 20360 | Lair:5   | Enslaved Harold
 20505 | Lair:5   | Reached skill level 18 in Bows
 21841 | Lair:6   | Found a frozen archway.
 21905 | Lair:6   | HP: 3/102 [polar bear (5)]
 22144 | IceCv    | Entered an ice cave
 22412 | Lair:6   | HP: 5/102 [fire crab (15)]
 22952 | D:9      | Received a gift from Yredelemnul
 23071 | D:9      | Reached skill level 19 in Bows
 23513 | D:9      | Received a gift from Yredelemnul
 24385 | D:9      | Found Pnucouwn's Magic Scroll Emporium.
 24389 | D:9      | Bought a scroll of blinking for 97 gold pieces
 24427 | D:9      | Lost mutation: You tend to lose your temper in combat. [mutagenic meat]
 24682 | D:10     | Entered Level 10 of the Dungeon
 24722 | D:9      | Received a gift from Yredelemnul
 25513 | D:10     | Received a gift from Yredelemnul
 25874 | D:10     | Reached skill level 20 in Bows
 26261 | D:10     | Reached XP level 13. HP: 98/107 MP: 24/24
 26301 | D:10     | Noticed Fannar
 26326 | D:10     | Received a gift from Yredelemnul
 26374 | D:10     | Killed Fannar
 26657 | D:10     | Got a shimmering spear
 26658 | D:10     | Identified the +1 spear of Night {venom, rF+ Str+2 Dex+2} (You found it on level 10 of the Dungeon)
 26728 | D:10     | Gained mutation: You passively map a small area around you. [potion of beneficial mutation]
 27552 | D:11     | Reached skill level 10 in Invocations
 27554 | D:11     | Received a gift from Yredelemnul
 27588 | D:11     | Noticed Joseph
 28623 | Lair:7   | Found a staircase to the Slime Pits.
 28654 | Lair:7   | Received a gift from Yredelemnul
 29989 | Lair:8   | Entered Level 8 of the Lair of Beasts
 30278 | Lair:7   | Received a gift from Yredelemnul
 30484 | Lair:8   | Reached skill level 1 in Armour
 30584 | Lair:8   | Received a gift from Yredelemnul
 31104 | Lair:7   | Received a gift from Yredelemnul
 31310 | Lair:8   | Reached skill level 5 in Armour
 31822 | Lair:8   | Received a gift from Yredelemnul
 32515 | Lair:8   | Reached XP level 14. HP: 81/115 MP: 27/27
 32591 | Lair:8   | Got a faintly glowing granite ring
 32594 | Lair:8   | Identified the ring "Psess" {Str-3 Dex+4} (You found it on level 8 of the Lair of Beasts)
 33309 | D:11     | Received a gift from Yredelemnul
 33789 | D:11     | Killed Joseph
 33910 | D:11     | Noticed Urug
 33924 | D:11     | Killed Urug
 34422 | D:11     | Received a gift from Yredelemnul
 34758 | D:12     | Found Plaa's Distillery.
 34913 | D:12     | Received a gift from Yredelemnul
 34984 | D:12     | Found a staircase to the Orcish Mines.
 35839 | Orc:1    | Entered Level 1 of the Orcish Mines
 35909 | Orc:1    | Received a gift from Yredelemnul
 36047 | Orc:2    | Found Amioh's Gadget Shop.
 36073 | Orc:2    | Found Cleam's Magic Scroll Emporium.
 36099 | Orc:2    | Noticed Grum
 36323 | Orc:2    | Killed Grum
 36573 | Orc:2    | Received a gift from Yredelemnul
 36736 | Orc:2    | Found Giat's Antique Weapon Boutique.
 36993 | Orc:3    | Paralysed by an orc sorcerer for 4 turns
 37005 | Orc:3    | Received a gift from Yredelemnul
 37340 | Orc:3    | Received a gift from Yredelemnul
 37775 | Orc:4    | Entered Level 4 of the Orcish Mines
 37872 | Orc:4    | Received a gift from Yredelemnul
 37947 | Orc:4    | Found a staircase to the Elven Halls.
 37955 | Orc:4    | Found Cloiroel's Food Emporium.
 38001 | Orc:4    | Noticed an orc warlord
 38154 | Orc:3    | Killed an orc warlord
 38365 | Orc:4    | Received a gift from Yredelemnul
 38372 | Orc:4    | Paralysed by an orc sorcerer for 5 turns
 38727 | Orc:4    | Received a gift from Yredelemnul
 39639 | Orc:4    | Paralysed by an orc sorcerer for 6 turns
 40013 | Orc:3    | Reached skill level 10 in Armour
 40259 | Orc:4    | Received a gift from Yredelemnul
 40346 | Orc:4    | Found Puepn's Food Shop.
 40347 | Orc:4    | Found Skeuttun's Armour Emporium.
 40366 | Orc:4    | Found Emia's Jewellery Emporium.
 40366 | Orc:4    | Found Maubuapt's Gadget Shop.
 40470 | Orc:4    | Received a gift from Yredelemnul
 40832 | Orc:1    | Received a gift from Yredelemnul
 41034 | Orc:2    | Found Wito's General Store.
 41045 | Orc:2    | Bought a scroll of enchant armour for 90 gold pieces
 41075 | Orc:2    | Found a roughly hewn altar of Beogh.
 41231 | D:13     | Found Shruer's Jewellery Shoppe.
 41372 | D:13     | Found a labyrinth entrance.
 41382 | Lab      | Entered a labyrinth
 41622 | Lab      | Received a gift from Yredelemnul
 41770 | Lab      | Identified a -2 rod of ignition (11/11) (You found it in a labyrinth)
 41771 | Lab      | Identified a +2 rod of clouds (1/12) (You took it off a minotaur in a labyrinth)
 41991 | D:13     | Received a gift from Yredelemnul
 42017 | D:13     | Reached skill level 10 in Fighting
 42158 | D:13     | Found a gate to the Vaults.
 42454 | D:13     | Found a glowing golden altar of the Shining One.
 42520 | D:13     | Reached XP level 15. HP: 63/126 MP: 28/28
 42910 | D:14     | Noticed Roxanne
 43072 | D:14     | Received a gift from Yredelemnul
 44488 | D:15     | Entered Level 15 of the Dungeon
 44917 | D:15     | Received a gift from Yredelemnul
 45641 | D:15     | Noticed Jessica
 45643 | D:15     | Noticed Kirke
 45849 | D:15     | Found a staircase to the Depths.
 46409 | D:15     | Noticed a sphinx
 46415 | D:15     | Killed Kirke
 46485 | D:15     | Found a deep blue altar of Sif Muna.
 46502 | D:15     | Killed Jessica
 46845 | Orc:4    | Bought an uncursed ring of protection from magic for 325 gold pieces
 46905 | Elf:1    | Entered Level 1 of the Elven Halls
 46984 | Elf:1    | Got a fine hand crossbow
 46999 | Elf:1    | Identified the +4 hand crossbow "Nuywnoc" {venom, Str-4 Dex-1 SInv} (You found it on level 1 of the Elven Halls)
 47121 | Elf:1    | Received a gift from Yredelemnul
 47755 | Elf:1    | Received a gift from Yredelemnul
 49115 | Orc:2    | Bought a scroll of enchant weapon for 105 gold pieces
 49115 | Orc:2    | Bought a scroll of brand weapon for 280 gold pieces
 49241 | Elf:2    | Received a gift from Yredelemnul
 49591 | Elf:2    | Reached XP level 16. HP: 101/134 MP: 29/29
 49719 | Elf:2    | Found Peimilei's Food Shop.
 49758 | Elf:2    | Noticed Frances
 49765 | Elf:2    | Killed Frances
 49899 | Elf:2    | Noticed a Brimstone Fiend
 50022 | Elf:3    | Entered Level 3 of the Elven Halls
 50111 | Elf:3    | Found a flickering gateway to a bazaar.
 50123 | Bazaar   | Entered a bazaar
 50133 | Bazaar   | Found Qameacat's Book Shop.
 50147 | Bazaar   | Found Blunu's Jewellery Boutique.
 50185 | Bazaar   | Found Mno Roewn's Armour Shop.
 50199 | Bazaar   | Found Trodiokh's Weapon Boutique.
 50625 | Elf:3    | Received a gift from Yredelemnul
 50894 | Elf:3    | Noticed a deep elf blademaster
 50911 | Elf:3    | Killed a deep elf blademaster
 50912 | Elf:3    | Noticed a deep elf blademaster
 50922 | Elf:3    | Killed a deep elf blademaster
 50930 | Elf:3    | Noticed a deep elf blademaster
 50945 | Elf:3    | Killed a deep elf blademaster
 50945 | Elf:3    | Received a gift from Yredelemnul
 50946 | Elf:3    | Noticed a deep elf blademaster
 50958 | Elf:3    | Killed a deep elf blademaster
 50962 | Elf:3    | Noticed a deep elf blademaster
 50969 | Elf:3    | Noticed a deep elf master archer
 50978 | Elf:3    | Noticed a deep elf master archer
 50978 | Elf:3    | Noticed a deep elf master archer
 50983 | Elf:3    | HP: 3/134 [deep elf annihilator/crystal spear (63)]
 50983 | Elf:3    | Shot with an arrow by a deep elf master archer

Action                   |  1- 3 |  4- 6 |  7- 9 | 10-12 | 13-15 | 16-18 || total
-------------------------+-------+-------+-------+-------+-------+-------++-------
Melee: Spear             |   129 |   156 |   361 |   162 |  2099 |       ||  2907
       Whip              |       |       |     7 |       |       |       ||     7
       Hand crossbow     |       |       |     2 |       |       |       ||     2
       Trident           |       |       |       |   595 |    32 |       ||   627
       Scythe            |       |       |       |    29 |       |       ||    29
 Fire: Hand crossbow     |       |       |   237 |   282 |    10 |       ||   529
       Shortbow          |       |       |       |   532 |   999 |       ||  1531
       Longbow           |       |       |       |       |    65 |   153 ||   218
Invok: Recall Undead Sla |     1 |       |       |    14 |     8 |       ||    23
       Animate Remains   |       |     2 |       |       |       |       ||     2
       Animate Dead      |       |       |     2 |    72 |    93 |       ||   167
       Drain Life        |       |       |       |     5 |       |     5 ||    10
       Enslave Soul      |       |       |       |     1 |       |       ||     1
Evoke: Wand              |       |     4 |     8 |    12 |    19 |     4 ||    47
  Use: Potion            |     1 |     3 |     4 |    10 |     3 |     4 ||    25
       Scroll            |       |     1 |    10 |    25 |    21 |     3 ||    60
 Stab: Paralysed         |       |     7 |     5 |       |     3 |       ||    15
       Distracted        |       |       |       |     5 |    13 |       ||    18
       Petrifying        |       |       |       |       |     1 |       ||     1
       Petrified         |       |       |       |       |     1 |       ||     1
  Eat: Chunk             |     1 |     2 |    10 |    15 |    51 |       ||    79
       Beef jerky        |       |     1 |       |     4 |     1 |       ||     6
       Fruit             |       |       |     3 |     9 |    23 |       ||    35
       Bread ration      |       |       |     1 |     4 |     1 |     1 ||     7
       Pizza             |       |       |     1 |       |     1 |       ||     2
       Royal jelly       |       |       |       |     6 |     1 |       ||     7
       Meat ration       |       |       |       |     1 |     3 |       ||     4
